 Dungeon Crawl Stone Soup version 0.23.2-1-ga50397a6bc (webtiles) character file.

Game seed: 2057600939381033697

486 Foic the Magician (level 6, -1/41 HPs)
             Began as a Mummy Necromancer on May 24, 2019.
             Was an Initiate of Vehumet.
             Slain by a crimson imp (4 damage)
             ... on level 4 of the Dungeon.
             The game lasted 00:23:01 (6258 turns).

Foic the Magician (Mummy Necromancer)               Turns: 6258, Time: 00:23:01

Health: -1/41      AC:  2    Str: 11    XL:     6   Next: 89%
Magic:  3/15       EV: 13    Int: 16    God:    Vehumet [......]
Gold:   111        SH:  0    Dex: 13    Spells: 6/18 levels left

rFire    x . .     SeeInvis .   q - +0 blowgun
rCold    + + .     Gourm    .   (no shield)
rNeg     + + +     Faith    .   a - +0 robe
rPois    ∞         Spirit   .   (no helmet)
rElec    .         Reflect  .   (no cloak)
rCorr    .         Harm     .   (no gloves)
MR       .....                  (no boots)
Stlth    ++........             (no amulet)
HPRegen  0.13/turn              f - ring of protection from cold
MPRegen  0.14/turn              (no ring)

@: very slightly contaminated
A: no food or potions, fire vulnerability, cold resistance 1, negative energy
resistance 3, torment resistance, unbreathing
a: Renounce Religion


You were on level 4 of the Dungeon.
You worshipped Vehumet.
Vehumet was noncommittal.
You were not hungry.

You visited 2 branches of the dungeon, and saw 6 of its levels.

You collected 111 gold pieces.

Inventory:

Hand Weapons
 h - a +1 dagger of venom
 q - a +0 blowgun (weapon)
Missiles
 d - 28 arrows
 r - 38 poisoned needles (quivered)
Armour
 a - a +0 robe (worn)
 j - a +0 leather armour
Jewellery
 f - a ring of protection from cold (left hand)
 m - a cursed ring of teleportation
Scrolls
 b - 3 scrolls of identify
 c - 4 scrolls of teleportation {unknown}
 e - a scroll of magic mapping {unknown}
 g - 3 scrolls of remove curse {unknown}
 i - 2 scrolls of immolation {unknown}
 l - 3 scrolls of enchant armour {unknown}
 n - a scroll of random uselessness {unknown}
 p - a scroll of amnesia {unknown}


   Skills:
 + Level 0.1 Throwing
 * Level 2.7 Dodging
 + Level 1.8 Stealth
 * Level 6.9 Spellcasting
 + Level 5.5 Necromancy


You had 6 spell levels left.
You knew the following spells:

 Your Spells              Type           Power        Failure   Level  Hunger
a - Pain                  Necr           ###.         1%          1    N/A
b - Animate Skeleton      Necr           N/A          1%          1    N/A
c - Vampiric Draining     Necr           ###.......   3%          3    N/A
d - Animate Dead          Necr           N/A          13%         4    N/A
e - Swiftness             Chrm/Air       #.......     19%         2    N/A
f - Shock                 Conj/Air       #...         12%         1    N/A

Your spell library contained the following spells:

 Spells                   Type           Power        Failure   Level  Hunger
 Static Discharge         Conj/Air       #.......     36%         3    N/A
 Airstrike                Air            #.........   77%         4    N/A
 Lightning Bolt           Conj/Air       #.........   98%         5    N/A
 Regeneration             Chrm/Necr      Unusable     N/A         3    N/A

Dungeon Overview and Level Annotations

Branches:
Dungeon (5/15)             Temple (1/1) D:4

Altars:
Ashenzari
Cheibriados
Dithmenos
Elyvilon
Fedhas
Hepliaklqana
Makhleb
Nemelex Xobeh
Okawaru
Qazlal
Ru
Sif Muna
Uskayaw
Vehumet
Wu Jian
Xom
Yredelemnul
Zin


Innate Abilities, Weirdness & Mutations

You do not eat or drink.
Your flesh is vulnerable to fire.
You are immune to poison.
Your flesh is cold resistant. (rC+)
You are immune to negative energy. (rN+++)
You are immune to unholy pain and torment.
You can survive without breathing.


Message History

Aim: a crimson imp
Okay, then.
Firing (i - inventory) No suitable missiles.
Press: ? - help, Shift-Dir - straight line, f/p - crimson imp
Aim: a crimson imp
Okay, then.
Firing (i - inventory) No suitable missiles.
Press: ? - help, Shift-Dir - straight line, f/p - crimson imp
Aim: a crimson imp
Okay, then.
Unknown command.
q - a +0 blowgun (weapon)
The crimson imp closely misses you.
Firing (i - inventory)
r - 39 poisoned needles (quivered)
Press: ? - help, Shift-Dir - straight line, f/p - crimson imp
Aim: a crimson imp You shoot a poisoned needle.
The poisoned needle misses the crimson imp.
The crimson imp hits you.
You die...

### #(# #.# #.# #.# #.# #####.#
##### #....5#######...######
###########.###@..(...(...'.....
#...........# #.#######...######
######.####.# #...........+.....
#.# #.# #(#######...##....
#.####.# ### ######....
###......# #.... #........#
########## #.... #######.##
#........# ##.... #.# #.######.#
#.....


You could see a crimson imp.

Vanquished Creatures
  An ogre (D:4)
  A centaur skeleton (D:4)
  An orc wizard (D:4)
  Jessica (D:3)
  3 iguanas
  Natasha (twice) (D:3)
  A worker ant (D:4)
  A hound skeleton (D:4)
  A gnoll (D:2)
  5 adders
  2 oozes
  An adder skeleton (D:5)
  3 worms
  2 dart slugs
  6 leopard geckos
  3 orcs
  5 giant cockroaches
  7 hobgoblins
  4 jackals
  2 quokkas (D:3)
  2 ball pythons
  7 bats
  10 frilled lizards
  11 goblins
  6 kobolds
  A quokka skeleton (D:4)
  15 rats
104 creatures vanquished.

Notes
Turn   | Place    | Note
-------+----------+-------------------------------------------
     0 | D:1      | Foic the Mummy Necromancer began the quest for the Orb.
     0 | D:1      | Reached XP level 1. HP: 13/13 MP: 4/4
     2 | D:1      | Learned a level 1 spell: Animate Skeleton
   199 | D:2      | Reached skill level 3 in Spellcasting
   199 | D:2      | Reached XP level 2. HP: 19/19 MP: 0/6
  1277 | D:1      | Reached XP level 3. HP: 24/24 MP: 2/7
  1323 | D:1      | Learned a level 3 spell: Vampiric Draining
  2150 | D:1      | Reached skill level 4 in Spellcasting
  2453 | D:2      | Reached XP level 4. HP: 30/30 MP: 6/10
  2459 | D:2      | Learned a level 4 spell: Animate Dead
  3231 | D:3      | Found a shadowy altar of Dithmenos.
  3352 | D:3      | Found an ornate altar of the Wu Jian Council.
  3474 | D:3      | Noticed Jessica
  3486 | D:3      | Killed Jessica
  3691 | D:3      | Reached skill level 5 in Spellcasting
  3691 | D:3      | Reached XP level 5. HP: 35/35 MP: 8/12
  4069 | D:3      | Noticed Natasha
  4073 | D:3      | Killed Natasha
  4073 | D:3      | Reached skill level 5 in Necromancy
  4218 | D:3      | Noticed Natasha
  4227 | D:3      | Killed Natasha
  4509 | D:4      | Reached skill level 6 in Spellcasting
  4509 | D:4      | Reached XP level 6. HP: 25/41 MP: 8/15
  4710 | D:4      | Found a staircase to the Ecumenical Temple.
  4744 | Temple   | Entered the Ecumenical Temple
  5189 | Temple   | Became a worshipper of Vehumet
  5320 | D:4      | Learned a level 2 spell: Swiftness
  5322 | D:4      | Learned a level 1 spell: Shock
  6152 | D:5      | Entered Level 5 of the Dungeon
  6152 | D:5      | Found a shimmering altar of Xom.
  6152 | D:5      | Found a blossoming altar of Fedhas.
  6203 | D:5      | Found a sparkling altar of Nemelex Xobeh.
  6204 | D:5      | Found a deep blue altar of Sif Muna.
  6207 | D:5      | Found a stormy altar of Qazlal.
  6249 | D:4      | HP: 2/41 [crimson imp (4)]
  6258 | D:4      | Slain by a crimson imp

Skill      XL: |  1  2  3  4  5 |
---------------+----------------+-----
Spellcasting   | 3 4 5 6 |  6.9
Dodging        | 2 |  2.7
Necromancy     | 5 |  5.5
Throwing       | |  0.1
Stealth        | |  1.8

Action                   |  1- 3 |  4- 6 || total
-------------------------+-------+-------++-------
 Fire: Blowgun           |       |     1 ||     1
Throw: Javelin           |       |    26 ||    26
 Cast: Pain              |   133 |   119 ||   252
       Animate Skeleton  |    22 |    16 ||    38
       Shock             |       |    28 ||    28
       Animate Dead      |       |     4 ||     4
       Vampiric Draining |       |     1 ||     1
  Use: Scroll            |       |     3 ||     3
Armor: Robe              |     4 |     9 ||    13
Dodge: Dodged            |    22 |    37 ||    59
